 Dungeon Crawl Stone Soup version 0.21-a0-630-g344d351 (webtiles) character file.

84 XomBae the Changer (level 4, -10/30 HPs)
             Began as an Octopode Transmuter on Dec 25, 2017.
             Killed by divine providence
             ... invoked by an orc priest
              (15 damage)
             ... on level 3 of the Dungeon.
             The game lasted 00:04:42 (2143 turns).

XomBae the Changer (Octopode Transmuter)            Turns: 2143, Time: 00:04:43

Health: -10/30     AC:  1    Str: 10    XL:     4   Next: 45%
Magic:  7/7        EV: 13    Int: 15    God:
Gold:   133        SH:  0    Dex: 12    Spells: 1/7 levels left

rFire    . . .     SeeInvis .     - Unarmed
rCold    . . .     Gourm    .   (no shield)
rNeg     . . .     Faith    .   (helmet restricted)
rPois    .         Spirit   .   (no amulet)
rElec    .         Reflect  .   l - ring of loudness (curse)
rCorr    .         Harm     .   (no ring)
MR       .....                  (no ring)
Stlth    +.........             (no ring)
HPRegen  0.10/turn              (no ring)
MPRegen  0.10/turn              (no ring)
                                (no ring)
                                (no ring)

@: no status effects
A: almost no armour, stealthy swim, amphibious, 8 rings, constrict 8, camouflage
1, gelatinous body 1
a: no special abilities


You were on level 3 of the Dungeon.
You were hungry.

You visited 1 branch of the dungeon, and saw 3 of its levels.

You collected 133 gold pieces.

Inventory:

Hand Weapons
 k - a +2 whip of distortion
Missiles
 a - 30 arrows
Jewellery
 l - a cursed ring of loudness (left tentacle)
Scrolls
 e - 4 scrolls of identify
Potions
 j - a potion of agility {unknown}
Books
 b - a book of Changes

   Spells                             Type                      Level
   a - Beastly Appendage              Transmutation                1
   b - Sticks to Snakes               Transmutation                2
   c - Spider Form                    Transmutation/Poison         3
   d - Ice Form                       Ice/Transmutation            4
   e - Blade Hands                    Transmutation                5
Comestibles
 c - 4 rations


   Skills:
 + Level 2.3 Fighting
 - Level 2.0 Dodging
 - Level 3.0 Unarmed Combat
 - Level 2.0 Spellcasting
 * Level 3.8 Transmutations
 + Level 0.2 Poison Magic


You had one spell level left.
You knew the following spells:

 Your Spells              Type           Power        Failure   Level  Hunger
a - Beastly Appendage     Tmut           ##....       4%          1    #......
b - Sticks to Snakes      Tmut           ##......     7%          2    ###....
c - Spider Form           Tmut/Pois      #.........   28%         3    ###....


Dungeon Overview and Level Annotations

Branches:
Dungeon (3/15)

Altars:
Cheibriados
Hepliaklqana
Nemelex Xobeh
Ru
Sif Muna
Wu Jian
Yredelemnul
The Shining One

Annotations:
D:3 Lanoc's ghost, amateur DrMo


Innate Abilities, Weirdness & Mutations

You cannot wear most types of armour.
You are very stealthy in the water. (Stealth+)
You are amphibious.
You can wear up to eight rings at the same time.
You can use your tentacles to constrict eight enemies at once.
Your skin changes colour to match your surroundings (Stealth+).
Your rubbery body absorbs attacks. (AC +1, EV +1)


Message History

* * * LOW HITPOINT WARNING * * *
The jackal bites you.
* * * LOW HITPOINT WARNING * * *
The bat closely misses you.
You see here a tomahawk.
The bat misses you. The jackal bites you.
* * * LOW HITPOINT WARNING * * *
The bat barely misses you.
Unknown command.
The bat hits you but does no damage. The jackal closely misses you.
An orc priest comes into view. It is wielding a hand axe.
Unknown command.
The bat hits you but does no damage.
Unknown command.
The bat closely misses you.
The orc priest invokes the aid of Beogh against you.
Beogh smites you!
Ouch! That really hurt!
You die...

... ........o......#
.. ......o..o.<...#
.. ................#
.#...........l.(...#
.#l.$........g..hl.#
o............oSorh##
..#$...........bh##
....... ##..#...h.#
....... ......##@##
....... ....## #..#
.....## .... ##.#
..##... .. .# ..# ##
.# ..# ## ###


You could see an orc priest, an adder, 3 orcs, a quokka, 4 jackals, a hobgoblin,
a bat and 2 frilled lizards.

Vanquished Creatures
  2 adders (D:2)
  3 worms
  2 dart slugs (D:1)
  3 leopard geckos (D:1)
  5 giant cockroaches
  A goblin (D:1)
  11 hobgoblins
  A ball python (D:1)
  6 bats
  4 frilled lizards
  6 kobolds
  4 rats (D:1)
  A spectral orc (D:2)
49 creatures vanquished.

Notes
Turn   | Place    | Note
-------+----------+-------------------------------------------
     0 | D:1      | XomBae the Octopode Transmuter began the quest for the Orb.
     0 | D:1      | Reached XP level 1. HP: 13/13 MP: 3/3
    71 | D:1      | Reached XP level 2. HP: 17/18 MP: 3/5
   305 | D:1      | Learned a level 2 spell: Sticks to Snakes
   415 | D:1      | Reached XP level 3. HP: 20/24 MP: 4/6
   430 | D:1      | Learned a level 3 spell: Spider Form
   983 | D:2      | Reached XP level 4. HP: 14/29 MP: 2/7
  1730 | D:2      | Found a basalt altar of Yredelemnul.
  1783 | D:2      | Found a sparkling altar of Nemelex Xobeh.
  1783 | D:2      | Found a snail-covered altar of Cheibriados.
  1790 | D:2      | Found a sacrificial altar of Ru.
  1790 | D:2      | Found an ornate altar of the Wu Jian Council.
  1791 | D:2      | Found a deep blue altar of Sif Muna.
  1792 | D:2      | Found a hazy altar of Hepliaklqana.
  1961 | D:3      | Noticed Lanoc's ghost (amateur DrMo)
  2118 | D:3      | Found a glowing golden altar of the Shining One.
  2143 | D:3      | Killed from afar by an orc priest

Vault maps used:
D:1:      lightli_molten_gateway, minmay_door_square
D:2:      yredelemnul_forgotten_temple_becter, minitemple, serial_park_tiny_2,
          glass_columns_c
D:3:      old_standard_altar, first_ration

Skill      XL: |  1  2  3 |
---------------+----------+-----
Transmutations | 3 |  3.8
Fighting       | 2 |  2.3
Dodging        | |  2.0
Unarmed Combat | |  3.0
Spellcasting   | |  2.0
Poison Magic   | |  0.2

Action                   |  1- 3 |  4- 6 || total
-------------------------+-------+-------++-------
Melee: Unarmed           |    69 |    43 ||   112
       Constrict         |    15 |     4 ||    19
       Kick              |     9 |     1 ||    10
       Tentacles         |     9 |     4 ||    13
       Punch             |     1 |       ||     1
 Cast: Beastly Appendage |    14 |     1 ||    15
       Spider Form       |     2 |     8 ||    10
  Use: Potion            |     1 |     2 ||     3
       Scroll            |       |     5 ||     5
 Stab: Sleeping          |     4 |     2 ||     6
  Eat: Chunk             |     1 |     4 ||     5
Armor: Skin              |     1 |    17 ||    18
Dodge: Dodged            |    38 |    78 ||   116

Table legend:
 A = Spawn XP
 B = Non-spawn XP
 C = Spawn XP percentage of total XP
 D = Spawn monster count
 E = Non-spawn monster count
 F = Spawn count percentage of total count
 G = Total turns spent on level
                    A         B        C        D         E        F      G
               +---------+---------+-------+---------+---------+-------+---------
         Total |       0 |     120 |   0.0 |       0 |      49 |   0.0 |  2143
               +---------+---------+-------+---------+---------+-------+---------
           D:1 |       0 |      43 |   0.0 |       0 |      24 |   0.0 |   812
           D:2 |       0 |      66 |   0.0 |       0 |      21 |   0.0 |  1195
           D:3 |       0 |      11 |   0.0 |       0 |       4 |   0.0 |   136
               +---------+---------+-------+---------+---------+-------+---------
